[Event "Titled Tuesday Blitz August 08 Late 2023"]
[White "carokannlover213"]
[Black "reevecanada"]
[WhiteElo "2723"]
[BlackElo "2545"]
[Result "1-0"]
[Round "7"]
[TimeControl "180+1"]
[Date "2023.08.08"]
[WhiteClock "0:00:11"]
[BlackClock "0:00:09"]
[Board "42"]

1. e4 c5 2. Nf3 d6 3. Bb5+ Bd7 4. Bxd7+ Qxd7 5. c4 Nc6 6. O-O Nf6 7. Nc3 g6 8. d4 cxd4 9. Nxd4 Bg7 10. Re1 O-O 11. f3 Rac8 12. Be3 a6 13. b3 Nxd4 14. Bxd4 e6 15. Rc1 Rc6 16. Qd3 Rfc8 17. Red1 Qc7 18. a4 Qa5 19. Kh1 Qb4 20. Na2 Qa5 21. Bc3 Qc7 22. Nb4 Rb6 23. a5 Rxb4 24. Bxb4 Ne8 25. c5 Bf8 26. g3 dxc5 27. Bxc5 Bxc5 28. b4 Qe5 29. f4 Qd6 30. Qxd6 Nxd6 31. Rxd6 Bxd6 32. Rxc8+ Kg7 33. Rc4 e5 34. fxe5 Bxe5 35. b5 axb5 36. Rc5 Bd6 37. Rxb5 Bc7 38. Kg2 Kf6 39. Kf3 Ke6 40. Ke3 f6 41. Kd4 h5 42. Kc4 Kd6 43. Kd4 Kc6 44. Rc5+ Kd6 45. e5+ fxe5+ 46. Rxe5 b6 47. a6 Bb8 48. Rg5 b5 49. Rxg6+ Kc7 50. Kc5 Ba7+ 51. Kxb5 Bg1 52. Rg7+ Kb8 53. h3 Bf2 54. g4 hxg4 55. hxg4 Ka8 56. Rf7 Kb8 57. g5 Bd4 58. g6 Ka8 59. g7 Be5 60. g8=Q+ Bb8 61. Qg2# 1-0


[Site "https://www.chess.com"]

[Event "Titled Tuesday Blitz August 08 Late 2023"]
[White "Prohaszka, Peter"]
[Black "Garrido Outon, Alex"]
[WhiteFideId "726265"]
[BlackFideId "24516279"]
[WhiteElo "2717"]
[BlackElo "2536"]
[Result "1-0"]
[Round "7"]
[TimeControl "180+1"]
[Date "2023.08.08"]
[WhiteClock "0:00:57"]
[BlackClock "0:00:05"]
[Board "43"]

1. d4 Nf6 2. Nf3 d6 3. Bg5 Nbd7 4. Nbd2 e5 5. e4 Be7 6. c3 O-O 7. Bd3 h6 8. Bh4 exd4 9. cxd4 c5 10. O-O cxd4 11. Nxd4 Nc5 12. Bc2 Ng4 13. Bxe7 Qxe7 14. h3 Nf6 15. Re1 b6 16. b4 Nb7 17. Nc4 Be6 18. Ne3 Rad8 19. Nc6 Qc7 20. Nxd8 Rxd8 21. Rc1 Qe7 22. a3 a5 23. Qd3 axb4 24. axb4 g6 25. Qb5 Nd7 26. Qc6 Rb8 27. Nd5 Bxd5 28. exd5 Qd8 29. Bb1 Ne5 30. Qc7 Kf8 31. Qxd8+ Nxd8 32. Rc7 g5 33. Re2 Rb7 34. Rxb7 Nxb7 35. Rc2 f6 36. Rc7 Nd8 37. Be4 Ke8 38. g3 Ndf7 39. f4 gxf4 40. gxf4 Nd7 41. Bg6 Kd8 42. Rxd7+ 1-0


[Site "https://www.chess.com"]

[Event "Titled Tuesday Blitz August 08 Late 2023"]
[White "Fiorito, Joaquin"]
[Black "Kozusek, Daniel"]
[WhiteFideId "180173"]
[BlackFideId "349500"]
[WhiteElo "2704"]
[BlackElo "2533"]
[Result "0-1"]
[Round "7"]
[TimeControl "180+1"]
[Date "2023.08.08"]
[WhiteClock "0:00:04"]
[BlackClock "0:00:05"]
[Board "44"]

1. d4 d5 2. c4 e6 3. Nc3 Bb4 4. Nf3 dxc4 5. Qa4+ Nc6 6. e3 Bd7 7. Qc2 b5 8. Bd2 a6 9. Be2 Nf6 10. O-O O-O 11. e4 Be7 12. Rfd1 Nb4 13. Qb1 c5 14. a3 Nc6 15. dxc5 Bxc5 16. Bg5 Be7 17. e5 Nd5 18. Nxd5 exd5 19. Bxe7 Qxe7 20. Rxd5 Be6 21. Rd1 Rfd8 22. Qe4 Na5 23. Nd4 Bd5 24. Qe3 Nc6 25. f4 Qc5 26. Nf5 Qxe3+ 27. Nxe3 Be4 28. Kf2 Nd4 29. a4 Nxe2 30. Kxe2 Bd3+ 31. Kf3 b4 32. Rac1 Rd4 33. g3 Rad8 34. Kf2 g6 35. Rd2 a5 36. h4 h5 37. Rdd1 Kg7 38. Rd2 f6 39. exf6+ Kxf6 40. Rdd1 Ke6 41. Re1 Kd6 42. Rcd1 Kc5 43. Ng2 Be4 44. Rxd4 Rxd4 45. Re2 Bxg2 46. Kxg2 c3 47. bxc3 bxc3 48. Kf3 Kc4 49. Re6 Kb3 50. Rb6+ Kxa4 51. Ke3 Rd8 52. Rc6 Kb3 53. Rb6+ Ka3 54. Rc6 Kb2 55. Rb6+ Kc1 56. Rxg6 c2 57. Rb6 Kd1 58. f5 c1=Q+ 59. Kf3 Qc3+ 60. Kg2 Qd2+ 61. Kh3 Qe2 62. Rg6 Qf1+ 63. Kh2 Rd2# 0-1


[Site "https://www.chess.com"]

[Event "Titled Tuesday Blitz August 08 Late 2023"]
[White "Willy, Stephen"]
[Black "Matinian, Nikita"]
[WhiteFideId "30981468"]
[BlackFideId "24129100"]
[WhiteElo "2531"]
[BlackElo "2701"]
[Result "1-0"]
[Round "7"]
[TimeControl "180+1"]
[Date "2023.08.08"]
[WhiteClock "0:01:10"]
[BlackClock "0:00:00"]
[Board "45"]

1. e4 c5 2. c3 Nf6 3. e5 Nd5 4. Nf3 Nc6 5. Bc4 Nb6 6. Bb3 d5 7. exd6 Qxd6 8. O-O c4 9. Bc2 Bg4 10. Re1 O-O-O 11. b3 Qf6 12. Be4 Ne5 13. Re3 Nd5 14. Re1 Nf4 15. bxc4 Nh3+ 16. Kf1 Ng5 17. d4 Nexf3 18. Bxg5 Nxh2+ 19. Kg1 Qxg5 20. Qb3 Nf3+ 21. Kf1 Nh2+ 22. Kg1 Rd7 23. Kxh2 h5 24. Qa4 a6 25. c5 Rh6 26. c6 Rxc6 27. Bxc6 bxc6 28. Qxc6+ Rc7 29. Qe8+ Kb7 30. Qxf8 Qf4+ 31. Kg1 Bf3 32. Qxg7 Bd5 33. Qe5 1-0


[Site "https://www.chess.com"]

[Event "Titled Tuesday Blitz August 08 Late 2023"]
[White "Sokolovsky, Yahli"]
[Black "Ansh M Shah"]
[WhiteFideId "2820242"]
[BlackFideId "25033379"]
[WhiteElo "2698"]
[BlackElo "2530"]
[Result "1-0"]
[Round "7"]
[TimeControl "180+1"]
[Date "2023.08.08"]
[WhiteClock "0:00:14"]
[BlackClock "0:00:10"]
[Board "46"]

1. b3 Nf6 2. Bb2 g6 3. Nf3 Bg7 4. g3 O-O 5. Bg2 b6 6. O-O Bb7 7. d4 d5 8. Ne5 Ne4 9. Nd2 Nd7 10. Nxe4 Nxe5 11. Nc5 bxc5 12. dxe5 Rb8 13. e3 e6 14. Qd2 c4 15. Qa5 c5 16. Qxc5 Qb6 17. Qxb6 axb6 18. a4 Ba6 19. Rfc1 Rfc8 20. Bd4 b5 21. axb5 Bxb5 22. Bf1 cxb3 23. cxb3 Bxf1 24. Kxf1 Rxc1+ 25. Rxc1 Bf8 26. Rb1 Bb4 27. Ke2 Kf8 28. Kd3 Ke7 29. Bc3 Kd7 30. Bxb4 Rxb4 31. Kc3 Rb7 32. Ra1 Kc6 33. Ra8 h5 34. b4 Kb5 35. Kb3 Kc6 36. h4 Kb5 37. Ra5+ Kc6 38. Ka4 Rd7 39. Ra6+ Kb7 40. Rd6 Rc7 41. Kb5 Ka7 42. Rc6 Rd7 43. Kc5 Kb7 44. b5 Re7 45. Kd6 Re8 46. Rc7+ Kb6 47. Rxf7 Kxb5 48. Rf6 Kc4 49. Rxg6 Rf8 50. Kxe6 Rxf2 51. Kd7 Re2 52. e6 Rxe3 53. e7 d4 54. Re6 Rxe6 55. Kxe6 d3 56. e8=Q d2 57. Qc6+ Kd3 58. Qf3+ Kc2 59. Qxh5 d1=Q 60. Qxd1+ Kxd1 61. g4 Kd2 62. g5 Ke3 63. Kf5 Kf3 64. g6 Kg3 65. h5 Kh4 66. h6 Kh5 67. h7 Kh4 1-0


[Site "https://www.chess.com"]

[Event "Titled Tuesday Blitz August 08 Late 2023"]
[White "Rastbod, Ali"]
[Black "Zeman, Matyas"]
[WhiteFideId "12567477"]
[BlackFideId "364398"]
[WhiteElo "2691"]
[BlackElo "2503"]
[Result "0-1"]
[Round "7"]
[TimeControl "180+1"]
[Date "2023.08.08"]
[WhiteClock "0:00:00"]
[BlackClock "0:00:03"]
[Board "47"]

1. e4 e6 2. d4 d5 3. Bd3 dxe4 4. Bxe4 Nf6 5. Bf3 c5 6. Ne2 Nc6 7. Be3 cxd4 8. Nxd4 Ne5 9. Nc3 Be7 10. Qe2 O-O 11. O-O-O Nxf3 12. Qxf3 Qa5 13. Nb3 Qc7 14. g4 Bd7 15. g5 Bc6 16. Qh3 Nd5 17. Nxd5 Bxd5 18. Rxd5 exd5 19. Qf5 Rad8 20. h4 Qd7 21. Qf3 b6 22. h5 f5 23. h6 g6 24. Rd1 f4 25. Bd4 Bxg5 26. Kb1 Bxh6 27. Rh1 Bg7 28. a3 a5 29. c3 a4 30. Bxg7 Qxg7 31. Nd4 Qe5 32. Ka2 Rf7 33. Qh3 f3 34. Qh4 Re8 35. Rg1 Qf4 36. Qh5 Re4 37. Qxd5 Qe5 38. Qa8+ Kg7 39. Qxa4 Qd5+ 40. Ka1 Rfe7 41. Qd1 Re2 42. Rf1 g5 43. Qc1 h6 44. Qb1 Qe4 45. Nf5+ Kf6 46. Nxe7 Qxb1+ 47. Kxb1 Kxe7 48. a4 Kd6 49. Rh1 Kc5 50. Rxh6 Rxf2 51. Rf6 g4 52. Rf4 Rg2 53. b4+ Kc6 54. Rf6+ Kd5 55. Kc1 f2 56. Kd1 g3 57. Ke2 Rg1 58. Rf5+ Kc4 59. Rf4+ Kxc3 60. Rf3+ Kc4 61. Kd2 f1=Q 0-1


[Site "https://www.chess.com"]

[Event "Titled Tuesday Blitz August 08 Late 2023"]
[White "MKlose11"]
[Black "Hristodoulou, Panagiotis"]
[BlackFideId "4214340"]
[WhiteElo "2668"]
[BlackElo "2494"]
[Result "0-1"]
[Round "7"]
[TimeControl "180+1"]
[Date "2023.08.08"]
[WhiteClock "0:00:31"]
[BlackClock "0:00:26"]
[Board "48"]

1. e4 Nf6 2. e5 Nd5 3. Nc3 e6 4. Nf3 d6 5. Nxd5 exd5 6. d4 Nc6 7. Bb5 Bg4 8. O-O Be7 9. h3 Bh5 10. exd6 Qxd6 11. Bxc6+ bxc6 12. g4 Bg6 13. Re1 O-O 14. c3 Rfe8 15. Ne5 c5 16. Bf4 cxd4 17. Qxd4 c5 18. Nxg6 cxd4 19. Bxd6 Bxd6 20. Nh4 dxc3 21. bxc3 Be5 22. Rad1 Bxc3 23. Rxe8+ Rxe8 24. Rxd5 g6 25. Rd3 Ba5 26. Ng2 Re2 27. a3 Bb6 28. Rf3 Bc5 29. Nf4 Ra2 30. Nd5 Rxa3 31. Rf6 Rxh3 32. Rc6 Bd4 33. Rc4 Rd3 34. Kf1 Bb6 35. g5 Rxd5 0-1


[Site "https://www.chess.com"]

[Event "Titled Tuesday Blitz August 08 Late 2023"]
[White "maksimys18"]
[Black "Troff, Kayden"]
[BlackFideId "2047896"]
[WhiteElo "2499"]
[BlackElo "2783"]
[Result "0-1"]
[Round "7"]
[TimeControl "180+1"]
[Date "2023.08.08"]
[WhiteClock "0:00:06"]
[BlackClock "0:00:13"]
[Board "49"]

1. d4 Nf6 2. Nf3 g6 3. c4 Bg7 4. Nc3 d5 5. Bg5 Ne4 6. Bh4 Nxc3 7. bxc3 dxc4 8. e4 b5 9. Be2 O-O 10. O-O Nd7 11. e5 Nb6 12. Nd2 Bb7 13. Bf3 Bxf3 14. Qxf3 Qd7 15. Ne4 Rae8 16. Nc5 Qd5 17. Qe3 Nd7 18. Ne4 f6 19. f4 c5 20. Rad1 cxd4 21. Rxd4 Qc6 22. Rfd1 Nb6 23. Bg3 fxe5 24. fxe5 Rf5 25. Ng5 Bh6 26. h4 Bxg5 27. hxg5 Qe6 28. Rd8 Rff8 29. Rxe8 Rxe8 30. Qc5 a6 31. Rf1 Rf8 32. Rxf8+ Kxf8 33. Bf2 Nd5 34. Bd4 Nf4 35. Qa7 Kf7 36. Qa8 Qg4 37. e6+ Nxe6 38. Qh8 Qh4 39. a3 Qe1+ 40. Kh2 Qh4+ 41. Kg1 Qe1+ 42. Kh2 Nxd4 43. Qxh7+ Kf8 44. cxd4 Qe6 45. Qh8+ Kf7 46. Qh7+ Ke8 47. Qh8+ Kd7 48. Qa8 Qc6 49. Qg8 c3 50. Qb3 c2 51. d5 Qc7+ 52. Kg1 c1=Q+ 53. Kf2 Q7c2+ 54. Qxc2 Qxc2+ 55. Kg3 Qc3+ 56. Kh4 Qxa3 57. g4 Qf3 58. d6 Qg2 59. dxe7 Qh2# 0-1


[Site "https://www.chess.com"]

[Event "Titled Tuesday Blitz August 08 Late 2023"]
[White "Miladinovic, Igor"]
[Black "Principe, Alexander"]
[WhiteFideId "4203380"]
[BlackFideId "3804542"]
[WhiteElo "2764"]
[BlackElo "2571"]
[Result "1-0"]
[Round "7"]
[TimeControl "180+1"]
[Date "2023.08.08"]
[WhiteClock "0:00:28"]
[BlackClock "0:00:32"]
[Board "50"]

1. d4 Nf6 2. Bg5 Ne4 3. h4 c5 4. dxc5 Qa5+ 5. Nd2 Nxd2 6. Qxd2 Qxc5 7. e4 Nc6 8. c3 d6 9. Nf3 Bg4 10. Be3 Qa5 11. Nd4 Bd7 12. f4 a6 13. Bc4 e6 14. h5 h6 15. f5 Ne5 16. fxe6 fxe6 17. Bxe6 O-O-O 18. O-O Be7 19. Bd5 Bf6 20. b4 Qc7 21. c4 Rde8 22. b5 Ng4 23. bxa6 bxa6 24. Rxf6 gxf6 25. Bf4 Ne5 26. Rb1 Qc5 27. Kh1 Rhg8 28. Be3 Ng4 29. Bb7+ Kb8 30. Nc6+ Kc7 31. Bxc5 Nf2+ 32. Bxf2 Rxe4 33. Na5 Rxg2 34. Kxg2 Re2 35. Qxe2 Bc6+ 36. Bxc6 d5 37. Qe7+ Kc8 38. Qd7# 1-0


[Site "https://www.chess.com"]

[Event "Titled Tuesday Blitz August 08 Late 2023"]
[White "Annaberdiyev, Meylis"]
[Black "Graif, William"]
[WhiteFideId "14000563"]
[BlackFideId "2609835"]
[WhiteElo "2680"]
[BlackElo "2566"]
[Result "1-0"]
[Round "7"]
[TimeControl "180+1"]
[Date "2023.08.08"]
[WhiteClock "0:01:00"]
[BlackClock "0:00:03"]
[Board "51"]

1. e4 e5 2. Nf3 Bc5 3. c3 d5 4. d4 exd4 5. exd5 Nf6 6. Bb5+ Bd7 7. Bxd7+ Nbxd7 8. O-O dxc3 9. Re1+ Be7 10. Nxc3 O-O 11. Bg5 Nb6 12. Qb3 h6 13. Bh4 Re8 14. Rad1 a6 15. a4 Nfd7 16. Bxe7 Rxe7 17. a5 Nc5 18. Qc2 Nbd7 19. b4 Rxe1+ 20. Rxe1 1-0


[Site "https://www.chess.com"]

[Event "Titled Tuesday Blitz August 08 Late 2023"]
[White "Weetik, Vjacheslav"]
[Black "Hajiyev, Kanan"]
[WhiteFideId "4153472"]
[BlackFideId "13404148"]
[WhiteElo "2660"]
[BlackElo "2560"]
[Result "1/2-1/2"]
[Round "7"]
[TimeControl "180+1"]
[Date "2023.08.08"]
[WhiteClock "0:00:07"]
[BlackClock "0:00:23"]
[Board "52"]

1. d4 Nf6 2. c4 e6 3. g3 c5 4. d5 exd5 5. cxd5 d6 6. Nc3 g6 7. Nf3 Bg7 8. Bg2 O-O 9. O-O Re8 10. Bf4 Bf5 11. Nh4 Bg4 12. h3 Bc8 13. Qc2 Na6 14. e4 Nh5 15. Be3 Nc7 16. a4 Na6 17. Qd2 Nb4 18. Kh2 Bd7 19. f4 f5 20. exf5 Rxe3 21. Qxe3 Nc2 22. Qd3 Nxa1 23. Rxa1 Bf6 24. fxg6 Bxh4 25. gxh7+ Kh8 26. gxh4 Qxh4 27. Ne2 Re8 28. Rf1 Bxa4 29. Rf3 a6 30. Re3 Rf8 31. Ng3 Nxf4 32. Qc3+ Qf6 33. Qxf6+ Rxf6 34. Re7 Nxg2 35. Kxg2 b5 36. Ne4 Rg6+ 37. Kf2 Bc2 38. h4 Bxe4 39. Rxe4 Kxh7 40. Re7+ Kh6 41. Ra7 Kh5 42. Rxa6 Kxh4 43. Rb6 b4 44. Kf3 Kg5 45. Ke4 Rf6 46. Rc6 Kg4 47. Rc8 Kg3 48. Rg8+ Kf2 49. Rd8 Ke2 50. Re8 c4 51. Re6 Rf8 52. Rxd6 c3 53. bxc3 bxc3 54. Rc6 Kd2 55. d6 c2 56. Kd5 c1=Q 57. Rxc1 Kxc1 58. d7 Kd2 59. Ke6 Ke3 60. Ke7 Rg8 61. d8=Q Rxd8 62. Kxd8 1/2-1/2


[Site "https://www.chess.com"]

[Event "Titled Tuesday Blitz August 08 Late 2023"]
[White "Loay, Sameer"]
[Black "Goltsev, Dmitry"]
[WhiteFideId "8104239"]
[BlackFideId "24176710"]
[WhiteElo "2535"]
[BlackElo "2631"]
[Result "0-1"]
[Round "7"]
[TimeControl "180+1"]
[Date "2023.08.08"]
[WhiteClock "0:00:42"]
[BlackClock "0:00:29"]
[Board "53"]

1. Nf3 d5 2. g3 c6 3. Bg2 Nf6 4. O-O g6 5. d3 Bg7 6. Nbd2 O-O 7. e4 dxe4 8. dxe4 Nbd7 9. Re1 e5 10. Nc4 Qe7 11. Nd6 Nc5 12. Nxc8 Raxc8 13. Nd2 Rcd8 14. Qe2 Ne6 15. c3 Nd7 16. b3 Ndc5 17. Ba3 Rfe8 18. Nc4 Qc7 19. Rad1 b5 20. Ne3 Rxd1 21. Rxd1 Rd8 22. Nd5 cxd5 23. exd5 Nf8 24. Qxb5 Ncd7 25. c4 Qb6 26. Qa4 Nc5 27. Bxc5 Qxc5 28. Bf1 a5 29. a3 Rb8 30. d6 Ne6 31. Rd5 Qb6 32. Rb5 Qxd6 33. Qxa5 Nd4 34. Rd5 Nxb3 35. Qa7 Qb6 36. Qe7 Nd4 37. Rd7 Qf6 38. Qc5 Bf8 39. Qd5 Rb2 40. f4 exf4 41. g4 f3 42. g5 Qf4 43. Kh1 Qxh2# 0-1


[Site "https://www.chess.com"]

[Event "Titled Tuesday Blitz August 08 Late 2023"]
[White "Perske, Thore"]
[Black "Golubev, Mikhail"]
[WhiteFideId "12902195"]
[BlackFideId "14100983"]
[WhiteElo "2535"]
[BlackElo "2621"]
[Result "0-1"]
[Round "7"]
[TimeControl "180+1"]
[Date "2023.08.08"]
[WhiteClock "0:00:10"]
[BlackClock "0:00:05"]
[Board "54"]

1. d4 Nf6 2. g3 c5 3. dxc5 Na6 4. Nc3 Nxc5 5. Bg2 d6 6. e4 Bg4 7. Nge2 g6 8. h3 Bxe2 9. Qxe2 Bg7 10. O-O O-O 11. e5 dxe5 12. Qxe5 Nfe4 13. Qd5 Nxc3 14. Qxc5 Ne2+ 15. Kh2 Nxc1 16. Raxc1 Bxb2 17. Rb1 Bd4 18. Qd5 e6 19. Qxb7 Rc8 20. Qe4 Qf6 21. Rb3 Bb6 22. Qe2 Rfd8 23. Be4 Qe5 24. Kg2 Rd4 25. Re1 Ba5 26. Bd3 Qd5+ 27. Be4 Qe5 28. Bd3 Qd5+ 29. Be4 Rxe4 30. Qxe4 Bxe1 31. Qxd5 exd5 32. Rb7 a5 33. Rb5 Rxc2 34. Rxd5 Rxa2 0-1


[Site "https://www.chess.com"]

[Event "Titled Tuesday Blitz August 08 Late 2023"]
[White "brm72"]
[Black "Schwabeneder, Florian"]
[BlackFideId "1626191"]
[WhiteElo "2528"]
[BlackElo "2620"]
[Result "1-0"]
[Round "7"]
[TimeControl "180+1"]
[Date "2023.08.08"]
[WhiteClock "0:00:55"]
[BlackClock "0:00:00"]
[Board "55"]

1. e4 c5 2. Nf3 d6 3. d4 cxd4 4. Nxd4 Nf6 5. Nc3 Nc6 6. Bg5 e6 7. Qd2 a6 8. f3 Qb6 9. O-O-O Qxd4 10. Qxd4 Nxd4 11. Rxd4 Bd7 12. Be2 Rc8 13. Rhd1 h6 14. Bh4 g5 15. Bg3 e5 16. R4d2 Be6 17. Nd5 Nxd5 18. exd5 Bf5 19. Bd3 Bxd3 20. Rxd3 f5 21. Rb3 Rh7 22. Kd2 Rc5 23. Rd3 Rhc7 24. c3 Rh7 25. Bf2 Rc8 26. a4 h5 27. Ra1 g4 28. Kc2 Rg7 29. Rg1 Be7 30. b4 Kf7 31. Kb3 Bf6 32. c4 Kg6 33. c5 Rd7 34. Rc1 dxc5 35. bxc5 e4 36. fxe4 fxe4 37. Rdd1 Bg5 38. Rc3 e3 39. Be1 Kf5 40. Kc4 Ke4 41. Rd4+ Ke5 42. Bg3+ Kf5 43. Rc1 Rdd8 44. Rf1+ Kg6 45. h4 gxh3 46. gxh3 Be7 47. d6 Bxd6 48. Bxd6 b6 49. Re1 bxc5 50. Bxc5 Rxd4+ 51. Kxd4 1-0


[Site "https://www.chess.com"]

[Event "Titled Tuesday Blitz August 08 Late 2023"]
[White "Colbow, Collin"]
[Black "Sreyas Payyappat"]
[WhiteFideId "16201132"]
[BlackFideId "46674969"]
[WhiteElo "2618"]
[BlackElo "2521"]
[Result "0-1"]
[Round "7"]
[TimeControl "180+1"]
[Date "2023.08.08"]
[WhiteClock "0:00:05"]
[BlackClock "0:00:13"]
[Board "56"]

1. d4 Nf6 2. Bf4 c5 3. e3 e6 4. Nf3 Nc6 5. Nbd2 d5 6. c3 Nh5 7. Bg3 Nxg3 8. hxg3 g6 9. Bd3 c4 10. Bc2 b5 11. e4 Bg7 12. e5 a5 13. g4 Bd7 14. Qe2 Qb6 15. Ng5 h6 16. Nxf7 Kxf7 17. Qf3+ Ke7 18. Bxg6 Raf8 19. Qg3 Kd8 20. O-O Ne7 21. Bc2 h5 22. g5 Nf5 23. Bxf5 Rxf5 24. Nf3 Rhf8 25. Nh4 Rf4 26. Ng6 Rg4 27. Qh3 Rf5 28. f4 Be8 29. Qxh5 Rgxf4 30. Rxf4 Rxf4 31. Qh7 Rf7 32. Qg8 b4 33. Rf1 Rxf1+ 34. Kxf1 bxc3 35. Qxg7 cxb2 36. Qe7+ Kc8 37. Qxe8+ Kb7 38. Qd7+ Ka6 39. Qc8+ Kb5 40. Qe8+ Kb4 41. Qe7+ Ka4 42. Nf4 b1=Q+ 43. Kf2 Qf5 44. Kg3 Qb4 45. Qd7+ Ka3 46. Nxe6 Qc3+ 47. Kh2 Qg4 48. Qe7+ Kxa2 49. g6 Qcg3+ 50. Kg1 Qxg2# 0-1


[Site "https://www.chess.com"]

[Event "Titled Tuesday Blitz August 08 Late 2023"]
[White "Reprintsev, Alexander"]
[Black "Pantev, Veselin"]
[WhiteFideId "14100541"]
[BlackFideId "2901390"]
[WhiteElo "2501"]
[BlackElo "2618"]
[Result "0-1"]
[Round "7"]
[TimeControl "180+1"]
[Date "2023.08.08"]
[WhiteClock "0:00:00"]
[BlackClock "0:00:43"]
[Board "57"]

1. e4 c6 2. Nc3 d5 3. Nf3 dxe4 4. Nxe4 Nf6 5. Qe2 Nxe4 6. Qxe4 Qd5 7. Qe3 Qe6 8. b3 Qxe3+ 9. fxe3 Nd7 10. Bb2 f6 11. g4 Nb6 12. g5 Bg4 13. Bg2 Bxf3 14. Bxf3 fxg5 15. Rg1 h6 16. Bh5+ Kd7 17. O-O-O Nd5 18. Bg6 Nf6 19. e4 e6 20. c4 Be7 21. e5 Ne8 22. d4 Nc7 23. a3 Rhf8 24. b4 Rf4 25. Rg2 a6 26. Kc2 b5 27. Bc1 Rf3 28. Be4 Rf7 29. d5 cxd5 30. cxd5 Nxd5 31. Rxd5+ exd5 32. Bxd5 Rc8+ 33. Kb3 Rf5 34. Bb2 Rc7 35. Rd2 Ke8 36. Be4 Rf4 37. Bg6+ Kf8 38. Rd3 g4 39. Bd4 Rf3 40. Bb6 Rxd3+ 41. Bxd3 Rb7 42. Bd4 Kf7 43. Bf5 h5 44. e6+ Kf8 45. Bg6 h4 46. Bf5 g3 47. hxg3 hxg3 48. Be4 Rc7 49. Be5 Rc4 50. Bf3 Bf6 0-1


[Site "https://www.chess.com"]

[Event "Titled Tuesday Blitz August 08 Late 2023"]
[White "Ozates, Tuna"]
[Black "Prithu Gupta"]
[WhiteFideId "6354521"]
[BlackFideId "46618546"]
[WhiteElo "2611"]
[BlackElo "2465"]
[Result "0-1"]
[Round "7"]
[TimeControl "180+1"]
[Date "2023.08.08"]
[WhiteClock "0:00:00"]
[BlackClock "0:00:17"]
[Board "58"]

1. e4 e5 2. Nc3 Nf6 3. g3 Be7 4. Bg2 O-O 5. d3 c6 6. Nf3 d6 7. O-O Be6 8. Ng5 Nbd7 9. h3 d5 10. Nxe6 fxe6 11. Qe2 b5 12. h4 b4 13. Nd1 Bc5 14. Be3 Qe7 15. Bxc5 Nxc5 16. a3 b3 17. c3 d4 18. c4 h5 19. Bh3 Qe8 20. Kg2 Qg6 21. f3 Qh6 22. Nf2 Qe3 23. Rfe1 Qxe2 24. Rxe2 Kf7 25. g4 hxg4 26. fxg4 g5 27. hxg5 Nh7 28. Kg3 Nxg5 29. Bg2 Kg7 30. Rh1 Rh8 31. Rh5 Nf7 32. Rd2 Rag8 33. Bf3 Kf6 34. Kh4 Ng5 35. Bd1 Kg6 36. Nh3 Nxh3 37. Kxh3 Rxh5+ 38. gxh5+ Kh6 39. Rf2 Rg1 40. Bg4 Nxd3 41. Rf6+ Kg7 42. Rg6+ Kh7 43. Kh4 Nf2 44. Bxe6 Rxg6 45. Bf5 Kh6 46. hxg6 Nd3 47. Kg4 Nxb2 48. Kf3 Nxc4 0-1


[Site "https://www.chess.com"]

[Event "Titled Tuesday Blitz August 08 Late 2023"]
[White "Pert, Richard G"]
[Black "Delorme, Axel"]
[WhiteFideId "404748"]
[BlackFideId "632023"]
[WhiteElo "2592"]
[BlackElo "2476"]
[Result "0-1"]
[Round "7"]
[TimeControl "180+1"]
[Date "2023.08.08"]
[WhiteClock "0:00:00"]
[BlackClock "0:00:07"]
[Board "59"]

1. d4 d5 2. Bg5 f6 3. Bd2 e5 4. e4 exd4 5. exd5 Qxd5 6. Nf3 Nc6 7. Be2 Bg4 8. h3 Bf5 9. O-O O-O-O 10. Na3 Bxa3 11. bxa3 Bxc2 12. Qxc2 d3 13. Bxd3 Qxd3 14. Qb2 Nge7 15. Rab1 Qa6 16. Rfc1 Rd3 17. Be1 Rxa3 18. Nd2 Rxa2 19. Qc3 Rd8 20. Nc4 Nd4 21. Kh2 Ne2 22. Qe3 Nxc1 23. Rxc1 Nd5 24. Qf3 Ra1 25. Qf5+ Kb8 26. Rxa1 Qxa1 27. Ba5 Qd4 28. Qc2 b6 29. Bd2 Qc5 30. Qe4 a5 31. Be1 Nb4 32. g3 Qd4 33. Qe6 Qd5 34. Qe2 Nc6 35. Ne3 Qd3 36. Qf3 Nd4 37. Qg4 Qe2 38. Qxg7 Nf3+ 39. Kg2 Nxe1+ 40. Kg1 Nf3+ 41. Kg2 Ne1+ 42. Kg1 Nd3 43. Qxf6 Qxf2+ 44. Qxf2 Nxf2 45. Kxf2 a4 46. Nc4 b5 47. Na5 a3 48. Nc6+ Kc8 49. Nb4 Rd4 0-1


[Site "https://www.chess.com"]

[Event "Titled Tuesday Blitz August 08 Late 2023"]
[White "Nilsen, Tobias Lang"]
[Black "Gasparyan, David"]
[WhiteFideId "1521624"]
[BlackFideId "13311980"]
[WhiteElo "2444"]
[BlackElo "2590"]
[Result "0-1"]
[Round "7"]
[TimeControl "180+1"]
[Date "2023.08.08"]
[WhiteClock "0:00:24"]
[BlackClock "0:00:09"]
[Board "60"]

1. e4 d6 2. d4 Nf6 3. Nc3 Nbd7 4. Nf3 g6 5. Be2 Bg7 6. O-O e5 7. h3 O-O 8. Be3 c6 9. dxe5 dxe5 10. Qd6 Re8 11. Bc4 Bf8 12. Qd3 h6 13. a4 Qc7 14. Qd2 Nc5 15. Bxh6 Ncxe4 16. Nxe4 Nxe4 17. Qe3 Nd6 18. Ba2 Nf5 19. Qg5 Bxh6 20. Qxg6+ Bg7 21. Ng5 Nh6 22. Qh7+ Kf8 23. g4 Qe7 24. Nf3 e4 25. Rae1 Qd6 26. g5 Bf5 27. Rd1 Qf4 28. gxh6 Bxh7 29. hxg7+ Kxg7 30. Nd4 Re5 31. Kh1 Rg5 32. Rg1 Kh6 33. Rxg5 Qxg5 34. Bxf7 Qf4 35. Bb3 Qxf2 36. Rg1 e3 0-1


[Site "https://www.chess.com"]

[Event "Titled Tuesday Blitz August 08 Late 2023"]
[White "Nathan, Nitish"]
[Black "Bilan, Danila"]
[WhiteFideId "30927870"]
[BlackFideId "24161918"]
[WhiteElo "2432"]
[BlackElo "2588"]
[Result "0-1"]
[Round "7"]
[TimeControl "180+1"]
[Date "2023.08.08"]
[WhiteClock "0:02:16"]
[BlackClock "0:00:36"]
[Board "61"]

1. d4 d5 2. Bf4 Nf6 3. e3 c5 4. Nf3 Nc6 5. Nbd2 Bg4 6. c3 Qb6 7. Qb3 c4 8. Qc2 e6 9. e4 Be7 10. e5 Nh5 11. Be3 Bf5 12. Qc1 f6 13. h3 fxe5 14. dxe5 Qc7 15. g4 Nxe5 16. Nxe5 Qxe5 17. Nf3 Qe4 18. Bg2 Nf4 19. O-O Nxg2 20. Nd2 Qd3 21. Kxg2 Bg6 22. Nf3 Be4 23. Rd1 Qe2 24. Kh2 Qxf3 25. Rg1 Bd6+ 26. Rg3 Bxg3+ 27. fxg3 Qg2# 0-1


[Site "https://www.chess.com"]

[Event "Titled Tuesday Blitz August 08 Late 2023"]
[White "Rabiega, Robert"]
[Black "Ambartsumova, Karina"]
[WhiteFideId "4601475"]
[BlackFideId "4166299"]
[WhiteElo "2412"]
[BlackElo "2586"]
[Result "0-1"]
[Round "7"]
[TimeControl "180+1"]
[Date "2023.08.08"]
[WhiteClock "0:00:23"]
[BlackClock "0:00:14"]
[Board "62"]

1. e4 e5 2. Nf3 Nc6 3. Bc4 Nf6 4. d3 h6 5. O-O d6 6. c3 g5 7. d4 g4 8. dxe5 gxf3 9. exf6 Ne5 10. Bb3 Qxf6 11. g3 Bh3 12. Re1 O-O-O 13. Bf4 h5 14. Nd2 h4 15. Bxe5 dxe5 16. Qxf3 Qh6 17. Nc4 hxg3 18. fxg3 Bc5+ 19. Ne3 Rd3 20. Kf2 f5 21. Be6+ Qxe6 22. exf5 Bxf5 23. Rad1 Rxh2+ 24. Kg1 Rh8 25. Rxd3 Bxd3 26. b4 Bb6 27. Kg2 e4 28. Qg4 Qxg4 29. Nxg4 a6 30. a4 a5 31. Rd1 Re8 32. Re1 Re6 33. Ne3 Bxe3 34. Rxe3 axb4 35. cxb4 Kd7 36. g4 Kd6 37. Kg3 Ke5 38. Re1 Kd4 39. Kf4 Rf6+ 40. Kg5 Rf2 41. Rc1 c6 42. b5 cxb5 43. axb5 Bxb5 44. Rb1 Bc6 45. Rd1+ Ke5 46. Kg6 e3 47. Re1 e2 48. g5 Kf4 49. Kf6 Ke3+ 50. Ke5 Kd2 51. g6 Kxe1 0-1


[Site "https://www.chess.com"]